 Dungeon Crawl Stone Soup version 0.23-a0-489-g205b0b6 (console) character file.

23 bli the Digger (level 2, 0/15 HPs)
             Began as a Gargoyle Earth Elementalist on Dec 2, 2018.
             Slain by an orc priest
             ... wielding a +0 flail
              (7 damage)
             ... on level 2 of the Dungeon.
             The game lasted 00:03:24 (992 turns).

bli the Digger (Gargoyle Earth Elementalist)         Turns: 992, Time: 00:03:25

Health: 0/15       AC:  4    Str: 11    XL:     2   Next: 95%
Magic:  0/6        EV: 12    Int: 15    God:
Gold:   64         SH:  0    Dex: 10    Spells: 6/7 levels left

rFire    . . .     SeeInvis .   g - +0 whip
rCold    . . .     Gourm    .   (no shield)
rNeg     + . .     Faith    .   c - +0 robe
rPois    ∞         Spirit   .   (no helmet)
rElec    +         Reflect  .   (no cloak)
rCorr    .         Harm     .   (no gloves)
MR       .....                  (no boots)
Stlth    ++........             (no amulet)
HPRegen  0.05/turn              (no ring)
MPRegen  0.10/turn              (no ring)

@: very slightly contaminated
A: negative energy resistance 1, electricity resistance, unbreathing,
petrification resistance, rot immunity, AC +2
a: no special abilities


You were on level 2 of the Dungeon.
You were not hungry.

You visited 1 branch of the dungeon, and saw 2 of its levels.

You collected 64 gold pieces.

Inventory:

Hand Weapons
 g - a +0 whip (weapon)
 k - a +2 dagger of draining
Missiles
 b - 36 stones (quivered)
Armour
 c - a +0 robe (worn)
 i - a +0 leather armour
Scrolls
 e - a scroll of enchant armour {unknown}
 f - a scroll of fog {unknown}
 h - a scroll of teleportation {unknown}
Potions
 j - a potion of curing {unknown}
Comestibles
 a - 3 chunks of flesh
 d - 2 rations


   Skills:
 + Level 0.5 Maces & Flails
 - Level 1.5 Dodging
 - Level 2.1 Stealth
 * Level 3.0 Spellcasting
   Level 0.7 Transmutations
 - Level 3.6 Earth Magic


You had 6 spell levels left.
You knew the following spells:

 Your Spells              Type           Power        Failure   Level  Hunger
a - Sandblast             Erth           ##....       4%          1    #......

Your spell library contained the following spells:

 Spells                   Type           Power        Failure   Level  Hunger
 Passwall                 Tmut/Erth      #.......     12%         2    ##.....
 Stone Arrow              Conj/Erth      #.....       28%         3    ###....
 Petrify                  Tmut/Erth      #.......     63%         4    #####..
 Lee's Rapid Deconstruct  Erth           ##........   77%         5    ######.


Dungeon Overview and Level Annotations

Branches:
Dungeon (2/15)

Altars:


Innate Abilities, Weirdness & Mutations

You are resistant to torment.
Your stone body is resilient. (AC +2)
You are immune to poison.
You resist negative energy. (rN+)
You are resistant to electric shocks. (rElec)
You can survive without breathing.
You are immune to petrification.
You are immune to rotting.


Message History

Press: ? - help, Shift-Dir - straight line, f - orc priest
Aim: an orc priest, wielding a +0 flail The blast of sand hits the orc priest.
The orc priest is severely wounded.
b - 37 stones You aren't carrying any items that you can evoke.
Unknown command.
Unknown command.
Throwing (i - inventory)
b - 37 stones (quivered)
Press: ? - help, Shift-Dir - straight line, f/p - orc priest
Aim: an orc priest, wielding a +0 flail (severely wounded)
You throw a stone. The stone hits the orc priest.
The orc priest is almost dead.
You hit the orc priest.
The orc priest is almost dead.
The orc priest hits you but does no damage.
You barely miss the orc priest.
The orc priest is almost dead.
The orc priest hits you with a +0 flail!
You die...

# .#.........# #..##.###
.?..........###........
##.####.................
#.#..######...............
.o.........##.............
###......................
..................#.......
####.......####....#.#####
#..w....# #......######
#......o####.#.#........
#.......@....#...#####
#.......##.........<.####
##..######.########......
##. ..# ##..(.. #. #.##
#..... #. .. #..... #.
#..... ######


You could see a worm and an orc priest.

Vanquished Creatures
  A dart slug (D:1)
  A leopard gecko (D:1)
  2 orcs (D:2)
  2 giant cockroaches (D:2)
  3 goblins (D:1)
  A hobgoblin (D:1)
  3 bats (D:1)
  A frilled lizard (D:1)
  2 kobolds (D:1)
16 creatures vanquished.

Notes
Turn   | Place    | Note
-------+----------+-------------------------------------------
     0 | D:1      | bli the Gargoyle Earth Elementalist began the quest for the
                  | Orb.
     0 | D:1      | Reached XP level 1. HP: 10/10 MP: 3/3
   502 | D:1      | Reached XP level 2. HP: 12/15 MP: 3/5
   992 | D:2      | Slain by an orc priest

Vault maps used:
D:1:      scummos_arrival_simple_crosswalls
D:2:      nicolae_dithmenos_through_a_glass_darkly, first_ration

Skill      XL: |  1  2 |
---------------+-------+-----
Spellcasting   | 3 |  3.0
Maces & Flails | |  0.5
Dodging        | |  1.5
Stealth        | |  2.1
Transmutations | |  0.7
Earth Magic    | |  3.6

Action                   || total
-------------------------++-------
Melee: Unarmed           ||    21
       Whip              ||    48
Throw: Stone             ||     1
 Cast: Sandblast         ||     9
 Stab: Sleeping          ||     2
Armor: Robe              ||    23
Dodge: Dodged            ||    65

Table legend:
 A = Non-vault XP
 B = Vault XP
 C = Vault XP percentage of total XP
 D = Non-vault monster count
 E = Vault monster count
 F = Vault count percentage of total count
                 A         B        C        D         E       F
            +---------+---------+-------+---------+---------+-------
      Total |      33 |       0 |   0.0 |      16 |       0 |   0.0
            +---------+---------+-------+---------+---------+-------
        D:1 |      23 |       0 |   0.0 |      12 |       0 |   0.0
        D:2 |      10 |       0 |   0.0 |       4 |       0 |   0.0
            +---------+---------+-------+---------+---------+-------
